Map: Neon Violet Square LE

Players

Reynor - Winner!

  • Race: Protoss Protoss
  • Spawn Location: 11:00

Mixu

  • Race: Zerg Zerg
  • League: Grandmaster
  • Spawn Location: 5:00

Event: HomeStory Cup XXVI

VOD

Have the link to the VOD?

Description

Time

  • Played on: Nov. 30, 2024, 10:05 a.m.
  • Length: 14:47

All games in this series

Show
View Real Time Build Order
Export as new Build Order

Reynor Protoss - Winner!

Build Orders: 1 Gate Expand 

Get SALT Encoding   

  12  0:00  Probe  
  13  0:12  Probe  
  14  0:19  Pylon  
  14  0:24  Probe  
  15  0:35  Probe  
  15  0:40  Gateway  
  16  0:44  Probe  
  17  0:50  Assimilator  
  17  0:52  Probe  
  18  1:03  Probe  
  19  1:15  Probe  
  20  1:28  Nexus  
  20  1:39  Cybernetics Core  
  20  1:41  Probe  
  21  1:48  Assimilator  
  21  1:53  Probe  
  22  1:58  Pylon  
  22  2:06  Probe  
  22  2:07  Adept  
  23  2:18  Probe  
  23  2:21  Stargate  
  26  2:30  Warp Gate, Probe  
  26  2:36  Adept, Probe  
  27  2:38  Probe  
  31  2:44  Probe  
  31  2:46  Probe  
  33  2:54  Probe  
  33  2:58  Probe  
  35  3:08  Probe  
  35  3:10  Probe  
  35  3:12  Void Ray  
  41  3:16  Probe  
  41  3:19  Pylon  
  41  3:22  Probe  
  41  3:24  Probe  
  44  3:34  Probe x2  
  44  3:39  Nexus  
  46  3:46  Probe x2  
  48  3:50  Gateway  
  48  3:52  Shield Battery  
  48  3:58  Probe  
  49  4:05  Pylon  
  49  4:06  Assimilator  
  49  4:10  Fleet Beacon  
  49  4:12  Probe  
  49  4:15  Probe  
  51  4:19  Assimilator  
  51  4:23  Forge  
  51  4:24  Probe  
  51  4:27  Probe  
  51  4:28  Sentry  
  55  4:36  Probe  
  56  4:39  Probe  
  56  4:41  Pylon  
  56  4:45  Tempest  
  57  4:48  Probe  
  57  4:51  Probe x2  
  64  5:00  Probe  
  64  5:02  Probe  
  64  5:03  Probe  
  67  5:08  Photon Cannon  
  67  5:11  Assimilator, Mothership  
  67  5:14  Assimilator  
  67  5:16  Probe  
  67  5:17  Pylon, Probe  
  77  5:32  Stalker x2  
  81  5:39  Photon Cannon  
  81  5:40  Photon Cannon  
  81  5:41  Shield Battery  
  81  5:46  Tempest  
  81  5:48  Shield Battery, Photon Cannon  
  81  5:49  Pylon  
  85  5:58  Sentry x2  
  85  6:02  Photon Cannon  
  85  6:04  Probe  
  90  6:06  Probe  
  91  6:14  Protoss Ground Weapons Level 1  
  91  6:16  Probe  
  92  6:18  Probe  
  92  6:19  Pylon  
  93  6:27  Twilight Council  
  93  6:28  Probe  
  93  6:30  Probe  
  93  6:31  Tempest  
  100  6:40  Probe  
  100  6:42  Robotics Facility  
  100  7:04  Charge, Gateway  
  100  7:05  Gateway  
  100  7:06  Pylon  
  100  7:07  Pylon  
  100  7:11  Gateway x2  
  100  7:14  Protoss Air Weapons Level 1  
  100  7:15  Gateway, Templar Archives  
  104  7:28  Observer  
  101  7:35  Nexus  
  101  7:37  Nexus  
  101  7:40  Pylon, Immortal  
  101  7:43  Pylon  
  101  7:45  Probe x2  
  107  7:54  Pylon, Psionic Storm  
  107  8:02  High Templar x3  
  113  8:07  Photon Cannon  
  113  8:09  High Templar x2, Photon Cannon  
  113  8:10  Photon Cannon  
  113  8:12  Photon Cannon  
  117  8:13  Protoss Ground Weapons Level 2  
  117  8:14  Shield Battery  
  117  8:16  Probe x2  
  118  8:28  Shield Battery  
  118  8:30  Shield Battery, High Templar  
  118  8:31  Photon Cannon  
  118  8:32  Photon Cannon  
  120  8:34  Photon Cannon  
  120  8:39  High Templar  
  122  8:42  Probe x2  
  122  8:43  Shield Battery  
  122  8:45  Shield Battery  
  124  8:48  Archon  
  124  8:53  High Templar x2  
  124  8:54  Probe x3  
  131  8:59  Photon Cannon  
  131  9:00  Assimilator, Archon  
  131  9:01  Assimilator  
  131  9:05  Immortal  
  131  9:07  Probe x2  
  137  9:19  Gateway  
  137  9:21  Gateway  
  137  9:25  High Templar x2  
  137  9:26  Gateway  
  137  9:27  Gateway, Probe  
  137  9:29  Archon  
  142  9:33  Pylon  
  142  9:35  High Templar x2  
  142  9:36  Zealot x2  
  150  9:44  Archon  
  150  9:52  Forge  
  150  9:55  Forge  
  150  9:57  High Templar x2  
  154  10:02  Archon  
  154  10:06  Stalker x2  
  154  10:08  Nexus  
  154  10:09  Zealot x2  
  154  10:10  Pylon  
  158  10:17  Protoss Ground Armor Level 1  
  143  10:22  Zealot x2  
  143  10:23  Probe  
  143  10:24  Probe  
  119  10:30  Probe  
  119  10:31  Zealot x4  
  123  10:36  Probe x3  
  123  10:37  Zealot x2  
  123  10:42  Probe  
  126  10:48  Probe  
  127  10:50  Protoss Shields Level 1  
  127  11:01  Stalker x3  
  127  11:02  Probe x4  
  127  11:03  Blink  
  133  11:05  Zealot  
  133  11:06  Zealot  
  133  11:08  Observer  
  135  11:14  Probe  
  137  11:20  Probe x3  
  137  11:22  High Templar x3  
  137  11:24  High Templar  
  148  11:26  Probe  
  148  11:28  Probe  
  148  11:31  Stalker  
  148  11:32  Probe x2  
  154  11:34  Stalker  
  154  11:37  Stalker  
  155  11:40  Probe  
  155  11:47  Stalker  
  149  11:54  Pylon x2  
  149  11:55  High Templar  
  149  11:56  Pylon, High Templar, Protoss Ground Armor Level 2  
  149  12:00  Stalker, Archon  
  155  12:07  Pylon  
  155  12:09  Pylon  
  155  12:11  Pylon  
  155  12:16  Zealot x3, High Templar x2  
  155  12:21  Archon  
  165  12:27  Immortal  
  169  12:44  Zealot x5  
  177  12:50  Zealot x2  
  171  12:57  Probe x2  
  167  12:58  Zealot  
  167  13:02  Forge  
  167  13:04  Zealot x2  
  167  13:05  Zealot  
  163  13:07  Probe x2  
  163  13:09  Observer, Probe x2  
  166  13:13  High Templar x6  
  166  13:19  Archon x3  
  179  13:32  Zealot x2, High Templar x2  
  187  13:35  Archon  
  187  13:52  Stalker x3  
  193  13:57  Stalker x3  
  199  14:06  Zealot  
  177  14:31  Zealot x2, High Templar x2  
  171  14:32  Zealot x5  
Show
View Real Time Build Order
Export as new Build Order

Mixu Zerg 

Build Orders: Hatch First 

Get SALT Encoding   

  12  0:00  Drone  
  13  0:13  Overlord  
  13  0:18  Drone  
  14  0:32  Drone x2  
  16  0:49  Hatchery  
  15  0:51  Drone  
  15  0:56  Drone  
  17  0:58  Drone  
  18  1:10  Extractor  
  17  1:13  Spawning Pool  
  17  1:17  Drone  
  17  1:20  Drone  
  18  1:29  Drone  
  19  1:40  Drone  
  20  1:51  Overlord  
  20  2:00  Queen  
  22  2:01  Queen  
  22  2:02  Zergling x2  
  22  2:05  Drone  
  26  2:12  Zergling x2  
  26  2:13  Drone  
  28  2:18  Metabolic Boost  
  28  2:23  Drone x2  
  30  2:39  Drone  
  30  2:41  Hatchery  
  30  2:43  Drone  
  31  2:49  Overlord  
  31  2:51  Drone  
  32  2:57  Queen  
  34  3:04  Drone x2  
  36  3:07  Drone x2  
  36  3:11  Drone x2  
  40  3:14  Drone  
  40  3:17  Overlord  
  41  3:21  Drone  
  41  3:22  Drone  
  43  3:30  Spore Crawler  
  43  3:32  Drone x2  
  43  3:40  Drone  
  46  3:43  Drone  
  46  3:46  Queen  
  46  3:47  Lair  
  47  3:50  Drone  
  47  3:52  Drone  
  47  3:53  Drone x2  
  51  3:57  Drone  
  52  4:06  Overlord  
  52  4:10  Spore Crawler  
  51  4:24  Queen  
  51  4:25  Queen  
  51  4:26  Drone, Overlord  
  51  4:27  Drone  
  51  4:29  Drone, Spore Crawler  
  57  4:35  Overlord x2  
  57  4:39  Drone  
  59  4:45  Zergling x18  
  59  4:49  Spore Crawler  
  66  4:52  Nydus Network  
  66  4:53  Zergling x2  
  66  4:57  Zergling x8  
  66  4:59  Zergling x2  
  71  5:07  Queen, Overlord  
  73  5:16  Zergling x4  
  73  5:19  Zergling x14  
  81  5:29  Queen  
  83  5:35  Nydus Canal  
  83  5:39  Extractor x2  
  83  5:43  Zergling x12  
  83  5:48  Overlord  
  88  5:58  Overlord  
  88  6:01  Overlord  
  87  6:10  Drone x3  
  90  6:13  Overlord  
  90  6:14  Drone x2  
  90  6:17  Drone x2  
  90  6:18  Drone x5  
  97  6:20  Drone  
  97  6:23  Drone x2  
  97  6:24  Hatchery  
  99  6:28  Extractor  
  99  6:30  Spire  
  97  6:33  Drone  
  97  6:34  Extractor  
  97  6:35  Extractor  
  97  6:38  Nydus Canal  
  97  6:39  Drone x2  
  98  6:41  Drone  
  99  6:47  Drone x5  
  104  6:54  Overlord  
  104  7:00  Drone x6, Overlord  
  110  7:07  Overlord  
  110  7:08  Overlord  
  110  7:12  Evolution Chamber  
  110  7:13  Baneling Nest  
  110  7:15  Drone x2  
  110  7:19  Nydus Canal  
  110  7:31  Drone x7  
  116  7:44  Zerg Flyer Weapons Level 1, Corruptor x4  
  124  7:52  Drone x2, Corruptor x2  
  124  7:55  Drone  
  124  7:56  Extractor  
  124  7:57  Extractor  
  129  8:04  Zerg Melee Weapons Level 1  
  129  8:10  Corruptor x3  
  129  8:12  Pneumatized Carapace  
  134  8:21  Corruptor  
  134  8:30  Corruptor x2  
  138  8:36  Corruptor  
  138  8:38  Hatchery, Nydus Canal  
  139  8:44  Overlord x3  
  139  8:47  Corruptor x2  
  143  8:49  Zergling x10  
  148  8:58  Corruptor  
  150  9:04  Corruptor  
  150  9:05  Corruptor x2  
  156  9:16  Overlord  
  156  9:17  Overlord  
  156  9:20  Burrow, Infestation Pit  
  155  9:26  Zergling x16  
  155  9:30  Drone x8  
  171  9:35  Corruptor  
  171  9:38  Extractor  
  172  9:41  Extractor  
  172  9:42  Overlord  
  172  9:43  Drone x4  
  175  9:45  Zerg Flyer Weapons Level 2  
  175  9:48  Baneling x9  
  175  9:55  Zergling x4  
  175  9:56  Zergling x10  
  182  10:07  Corruptor  
  182  10:08  Zergling x2  
  182  10:11  Zergling x20  
  186  10:26  Corruptor x6  
  186  10:27  Zergling x6  
  175  10:33  Zergling x14  
  174  10:41  Zergling x10  
  172  10:43  Zerg Melee Weapons Level 2, Hive  
  172  10:44  Zergling x2  
  172  10:46  Zergling x2  
  172  10:49  Zergling x6  
  167  10:53  Zergling x4  
  156  10:58  Corruptor x2  
  156  11:00  Zergling x8  
  162  11:11  Zergling x8  
  159  11:12  Queen  
  159  11:16  Zergling x10  
  157  11:20  Nydus Canal  
  157  11:21  Queen x2  
  160  11:26  Drone  
  160  11:27  Overlord  
  160  11:28  Zergling x12  
  160  11:29  Baneling x7, Evolution Chamber  
  163  11:35  Corruptor  
  163  11:36  Corruptor  
  163  11:39  Corruptor x2  
  164  11:51  Drone  
  164  11:53  Zergling x10  
  166  11:56  Baneling  
  166  12:00  Ultralisk Cavern  
  166  12:01  Zerg Ground Armor Level 1  
  165  12:02  Adrenal Glands  
  165  12:04  Drone x5  
  170  12:14  Overlord  
  170  12:17  Infestor x2, Hatchery  
  170  12:18  Neural Parasite  
  170  12:20  Infestor  
  170  12:21  Infestor  
  177  12:28  Infestor x2  
  181  12:37  Infestor  
  181  12:39  Zergling x24  
  193  12:48  Zergling x4  
  193  12:49  Zergling x4  
  188  12:51  Zergling x4  
  188  12:57  Zergling x6  
  181  13:01  Zergling x4  
  170  13:09  Greater Spire  
  167  13:19  Overlord x4  
  167  13:21  Chitinous Plating  
  167  13:23  Ultralisk  
  173  13:31  Baneling x2  
  173  13:32  Baneling x3  
  173  13:40  Ultralisk x4  
  188  14:15  Zergling x32  
Tags
 
Add a new tag
Caveats
  • Supply blocks, unpowered buildings, or Contaminate may cause inaccurate times.
  • Supply counts are checked every 10 seconds.